 Dungeon Crawl Stone Soup version 0.30-a0-743-gbfdf073431 (webtiles) character file.

Game seed: 2150337339386730239

49 gelatine the Stinger (level 3, -16/26 HPs)
             Began as a Demonspawn Venom Mage on Feb 6, 2023.
             Demolished by Crazy Yiuf
             ... wielding a +2 quarterstaff of chaos
              (18 damage)
             ... on level 2 of the Dungeon.
             The game lasted 00:03:28 (1684 turns).

gelatine the Stinger (Demonspawn Venom Mage)        Turns: 1684, Time: 00:03:29

Health: -16/26     AC:  2    Str:  8    XL:     3   Next: 53%
Magic:  3/6        EV: 12    Int: 18    God:
Gold:   83         SH:  0    Dex: 13    Spells: 5/6 levels left

rFire   . . .      SeeInvis .    i - +0 rapier
rCold   . . .      Faith    .    (no shield)
rNeg    . . .      Spirit   .    a - +0 robe
rPois   .          Reflect  .    (no helmet)
rElec   .          Harm     .    (no cloak)
rCorr   .          Rampage  .    (no gloves)
Will    .....                    (no boots)
Stlth   ++                       (no amulet)
HPRegen 0.24/turn                (no ring)
MPRegen 0.10/turn                (no ring)

@: very slightly contaminated
A: demonic guardian 1, spiny 1
a: no special abilities


You were on level 2 of the Dungeon.
You visited 1 branch of the dungeon, and saw 2 of its levels.

You collected 83 gold pieces.

Inventory:

Hand Weapons
 e - a +0 dagger
 g - a +0 short sword
 i - a +0 rapier (weapon)
Armour
 a - a +0 robe (worn)
Jewellery
 j - a ring of ice
Scrolls
 f - 2 scrolls of teleportation {unknown}
 h - a scroll of vulnerability {unknown}
 k - a scroll of acquirement {unknown}
 m - a scroll of enchant armour {unknown}
 n - a scroll of fear {unknown}
Potions
 b - a potion of magic
 d - a potion of berserk rage {unknown}
 l - a potion of degeneration {unknown}


   Skills:
 * Level 1.0 Fighting
 * Level 2.1 Dodging
 + Level 1.9 Stealth
 + Level 2.1 Spellcasting
 * Level 1.6 Transmutations
 * Level 3.5 Poison Magic


You had 5 spell levels left.
You knew the following spells:

 Your Spells              Type           Power      Damage    Failure   Level
a - Sting                 Tmut/Pois      44%        1d5       6%          1

Your spell library contained the following spells:

 Spells                   Type           Power      Damage    Failure   Level
 Poisonous Vapours        Pois/Air       16%        N/A       13%         2
 Spider Form              Tmut/Pois      11%        N/A       19%         3
 Ensorcelled Hibernation  Hex/Ice        2%         N/A       26%         2
 Mephitic Cloud           Conj/Pois/Air  6%         N/A       32%         3
 Olgreb's Toxic Radiance  Pois           14%        N/A       38%         4
 Anguish                  Hex/Necr       0%         N/A       87%         4


Dungeon Overview and Level Annotations

Branches:
Dungeon (2/15)

Altars:

Annotations:
D:2 Crazy Yiuf


Innate Abilities, Weirdness & Mutations

A weak demonic guardian rushes to your aid.
You are partially covered in sharp spines.


Message History

Press: ? - help, Shift-Dir - straight line, f - Crazy Yiuf
Aim: Crazy Yiuf, wielding a +2 quarterstaff of chaos and wearing a +2 cloak of poison resistance (75% to hit)
The sting hits Crazy Yiuf.
Crazy Yiuf is poisoned.
Crazy Yiuf is lightly wounded.
Crazy Yiuf screams, "Snurf!
Scoff Xom arm."
Crazy Yiuf barely misses you.
Casting: Sting (safe; 6% risk of failure)
Confirm with . or Enter, or press ? or * to list all spells.
Aiming: Sting (safe; 6% risk of failure)
Press: ? - help, Shift-Dir - straight line, f/p - Crazy Yiuf
Aim: Crazy Yiuf, wielding a +2 quarterstaff of chaos and wearing a +2 cloak of poison resistance (lightly wounded, poisoned, 75% to hit)
You miscast Sting.
You are very lightly contaminated with residual magic.
Nothing appears to happen.
Crazy Yiuf closely misses you.
Casting: Sting (safe; 6% risk of failure)
Confirm with . or Enter, or press ? or * to list all spells.
Aiming: Sting (safe; 6% risk of failure)
Press: ? - help, Shift-Dir - straight line, f/p - Crazy Yiuf
Aim: Crazy Yiuf, wielding a +2 quarterstaff of chaos and wearing a +2 cloak of poison resistance (lightly wounded, poisoned, 75% to hit)
The sting misses Crazy Yiuf.
Crazy Yiuf hits you with a +2 quarterstaff of chaos!
A demonic guardian appears!
Space warps around you.
You swap places.
Crazy Yiuf barely misses your shadow imp.
Your shadow imp hits Crazy Yiuf.
Crazy Yiuf looks more healthy.
Crazy Yiuf hits your shadow imp with a +2 quarterstaff of chaos!
Your shadow imp dies!
Your shadow imp disappears in a puff of smoke!
It was a potion of curing.
You feel better.
You barely miss Crazy Yiuf.
Crazy Yiuf is moderately wounded.
Crazy Yiuf hits you with a +2 quarterstaff of chaos!
Ouch! That really hurt!
Crazy Yiuf burns you.
* * * LOW HITPOINT WARNING * * *
Crazy Yiuf waves his quarterstaff at you.
Crazy Yiuf hits you with a +2 quarterstaff of chaos!!
Ouch! That really hurt!
You die...

.....# #.######..........#
.....####.######..........#
.....#..†.#...............#
.....#.##...######........#
.......>##### #######.##
.....#### #.## .....#
♣♣♣♣♣##..# .....# ###
♣♣♣.♣.P..#.# .....#
#...#♣@.♣.......# ######
#...'g♣♣♣♣).....# #)..#♣♣
♣♣.)..## ### ♣♣####


You could see Crazy Yiuf.

Vanquished Creatures
  An adder (D:2)
  A dart slug (D:2)
  3 ball pythons (D:2)
  An endoplasm (D:1)
  2 giant cockroaches (D:2)
  4 goblins
  4 hobgoblins
  4 jackals (D:1)
  3 kobolds
  3 quokkas
  A bat (D:2)
  4 frilled lizards (D:1)
  4 rats
35 creatures vanquished.

Notes
Turn   | Place    | Note
-------+----------+-------------------------------------------
     0 | D:1      | gelatine the Demonspawn Venom Mage began the quest for the
                  | Orb.
     0 | D:1      | Reached XP level 1. HP: 13/13 MP: 3/3
   518 | D:1      | Gained mutation: You are partially covered in sharp spines.
                  | [demonic ancestry]
   518 | D:1      | Reached XP level 2. HP: 19/19 MP: 3/5
   919 | D:1      | Reached skill level 1 in Transmutations
  1158 | D:2      | Gained mutation: A weak demonic guardian rushes to your
                  | aid. [demonic ancestry]
  1158 | D:2      | Reached XP level 3. HP: 21/25 MP: 3/6
  1544 | D:2      | Reached skill level 1 in Fighting
  1673 | D:2      | Found a runed translucent door.
  1674 | D:2      | Noticed Crazy Yiuf
  1684 | D:2      | Demolished by Crazy Yiuf

Illustrated notes

Levels and vault maps discovered:
D:1:      onia_arrival_mini_spirals, layout_loops_corners
D:2:      layout_rooms, hellmonk_ecumenical_altar_zigzags, minmay_cupped,
          uniq_crazy_yiuf_cottage

Skill      XL: |  1  2  3 |
---------------+----------+-----
Dodging        | 2 |  2.1
Transmutations | 1 |  1.6
Fighting       | 1 |  1.0
Stealth        | |  1.9
Spellcasting   | |  2.1
Poison Magic   | |  3.5

Action                     || total
---------------------------++-------
  Melee: Dagger            ||     4
         Rapier            ||    13
         Short sword       ||     1
   Cast: Sting             ||    58
    Use: Potion            ||     1
 Armour: Robe              ||     7
  Dodge: Dodged            ||    18

Table legend: (Time is in decaauts)
 A = Elapsed time spent in this place.
 B = Non-inter-level travel time spent in this place.
 C = Inter-level travel time spent in this place.
 D = Time resting spent in this place.
 E = Time spent auto-exploring this place.
 F = Levels seen in this place.
 G = Mean time per level.
                   A        B        C        D        E       F      G
               +--------+--------+--------+--------+--------+-----+--------+
         Total |   1684 |   1684 |      0 |      0 |   1414 |   2 |  842.0 |
       Dungeon |   1684 |   1684 |      0 |      0 |   1414 |   2 |  842.0 |
               +--------+--------+--------+--------+--------+-----+--------+

Top non-repeatable levels by time:
     D:1: 1153 daAuts
     D:2: 531 daAuts
